 Dungeon Crawl Stone Soup version 0.26.1-2-gb8aa6d0cf2 (webtiles) character file.

Game seed: 6838277933665835606

42 ubername the Grave Robber (level 3, -1/24 HPs)
             Began as a Demonspawn Necromancer on Mar 17, 2021.
             Slain by a jackal (3 damage)
             ... on level 1 of the Dungeon.
             The game lasted 00:03:28 (1585 turns).

ubername the Grave Robber (Demonspawn Necromancer)  Turns: 1585, Time: 00:03:29

Health: -1/24      AC:  2    Str:  8    XL:     3   Next: 35%
Magic:  4/7        EV: 12    Int: 17    God:
Gold:   59         SH:  0    Dex: 13    Spells: 6/7 levels left

rFire    . . .     SeeInvis .   b - +0 club
rCold    . . .     Faith    .   (no shield)
rNeg     . . .     Spirit   .   a - +0 robe
rPois    .         Reflect  .   (helmet restricted)
rElec    .         Harm     .   (no cloak)
rCorr    .         Rampage  .   (no gloves)
Will     .....                  (no boots)
Stlth    ++........             (no amulet)
HPRegen  0.08/turn              (no ring)
MPRegen  0.10/turn              (no ring)

@: no status effects
A: horns 1
a: no special abilities


You were on level 1 of the Dungeon.
You visited 1 branch of the dungeon, and saw 1 of its levels.

You collected 59 gold pieces.

Inventory:

Hand Weapons
 b - a +0 club (weapon)
Missiles
 f - 10 stones
 h - 5 poisoned darts (quivered)
Armour
 a - a +0 robe (worn)
 j - a +0 leather armour
Scrolls
 e - a scroll of random uselessness {unknown}
 k - a scroll of identify {unknown}
Potions
 c - a potion of lignification {unknown}
 d - a potion of resistance {unknown}
 g - 2 potions of heal wounds {unknown}
 i - a potion of magic {unknown}


   Skills:
 + Level 0.1 Fighting
 + Level 0.1 Throwing
 + Level 1.8 Dodging
 + Level 1.8 Stealth
 + Level 2.6 Spellcasting
 + Level 5.1 Necromancy


You had 6 spell levels left.
You knew the following spells:

 Your Spells              Type           Power        Failure   Level
a - Pain                  Necr           76%          2%          1

Your spell library contained the following spells:

 Spells                   Type           Power        Failure   Level
 Animate Skeleton         Necr           38%          2%          1
 Vampiric Draining        Necr           9%           7%          3
 Animate Dead             Necr           9%           22%         4
 Agony                    Necr           19%          52%         5


Dungeon Overview and Level Annotations

Branches:
Dungeon (1/15)

Altars:


Innate Abilities, Weirdness & Mutations

You have a pair of small horns on your head.


Message History

The jackal completely misses you. The jackal barely misses you.
The jackal bites you.
* * * LOW HITPOINT WARNING * * *
You miss the jackal.
You headbutt the jackal, but do no damage.
The jackal is severely wounded.
The jackal bites you but does no damage.
The jackal bites you.
* * * LOW HITPOINT WARNING * * *
The jackal closely misses you.
Casting: Pain (safe; 2% risk of failure)
Confirm with . or Enter, or press ? or * to list all spells.
Aiming: Pain (safe; 2% risk of failure)
Press: ? - help, Shift-Dir - straight line, f - jackal
Aim: a jackal (severely wounded, chance to affect: 89%)
The jackal writhes in agony.
You kill the jackal!
The jackal bites you but does no damage.
The jackal bites you.
You die...

#...........########.# #.......
####....>.........##.############
# #..............##.##....†.# #
#..............##.#######.### #
#.................#######...## #
#.......(.....#.#.#......†##.#
#............(....#.####.##...
#.........h.#(#[#.#.# #...##.
#######'#####@h...#.# #..##.. ##
#. #######'####.....# .# #h
#............. .# #h
+............. .# ##
#............. .# #........÷....
.###########################.....
.'...............)...............
.##########################.#'#..


You could see a jackal.

Vanquished Creatures
  An ooze (D:1)
  3 dart slugs (D:1)
  2 giant cockroaches (D:1)
  2 goblins (D:1)
  6 hobgoblins (D:1)
  3 jackals (D:1)
  3 kobolds (D:1)
  2 bats (D:1)
  A frilled lizard (D:1)
  8 rats (D:1)
31 creatures vanquished.

Notes
Turn   | Place    | Note
-------+----------+-------------------------------------------
     0 | D:1      | ubername the Demonspawn Necromancer began the quest for the
                  | Orb.
     0 | D:1      | Reached XP level 1. HP: 13/13 MP: 3/3
   645 | D:1      | Gained mutation: You have a pair of small horns on your
                  | head. [demonic ancestry]
   645 | D:1      | Reached XP level 2. HP: 19/19 MP: 3/5
   879 | D:1      | Reached skill level 5 in Necromancy
  1159 | D:1      | Reached XP level 3. HP: 21/24 MP: 3/6
  1585 | D:1      | Slain by a jackal

Illustrated notes

Levels and vault maps discovered:
D:1:      dpeg_arrival_rooms_c, layout_basic, serial_glass, glass_columns_a,
          glass_columns_c, minmay_strange_pillars, minmay_tetromino_s2

Skill      XL: |  1  2 |
---------------+-------+-----
Necromancy     | 5 |  5.1
Fighting       | |  0.1
Throwing       | |  0.1
Dodging        | |  1.8
Stealth        | |  1.8
Spellcasting   | |  2.6

Action                   || total
-------------------------++-------
Melee: Club              ||    36
       Headbutt          ||     4
Throw: Dart              ||    16
 Cast: Pain              ||    46
Armor: Robe              ||     9
Dodge: Dodged            ||    48
